[Event "Djerba Festival Blitz 2025"]
[Site "Djerba"]
[Date "2025.02.21"]
[Round "3.1"]
[White "Bouzidi, Ahmed"]
[Black "Maghsoodloo, Parham"]
[Result "0-1"]
[ECO "B06"]
[WhiteElo "2168"]
[BlackElo "2680"]
[PlyCount "61"]
[EventDate "2025.02.15"]
[EventType "swiss"]
[EventCountry "TUN"]
[TimeControl "180+3"]

1. e4 g6 2. d4 Bg7 3. Nf3 d6 4. Nc3 a6 5. Be3 Nd7 6. Qd2 b5 7. a3 Bb7 8. Be2 c5 9. dxc5 Nxc5 10. Bd4 Nf6 11. e5 Nfe4 12. Nxe4 Nxe4 13. Qe3 dxe5 14. Bxe5 Bxe5 15. Nxe5 Qc7 16. Qf4 O-O-O 17. Nd3 Qxf4 18. Nxf4 Rd4 19. Nd3 Rhd8 20. O-O-O Nd6 21. Ne5 Rxd1+ 22. Rxd1 Bxg2 23. f3 Kc7 24. a4 Bh3 25. axb5 axb5 26. Rd5 f6 27. Nd3 Be6 28. Rc5+ Kb6 29. b4 Nb7 30. Rc3 Rd4 31. Bd1 0-1

[Event "Djerba Festival Blitz 2025"]
[Site "Djerba"]
[Date "2025.02.21"]
[Round "3.2"]
[White "Moussard, Jules"]
[Black "Amdouni, Zoubaier"]
[Result "1-0"]
[ECO "B31"]
[WhiteElo "2595"]
[BlackElo "2229"]
[PlyCount "81"]
[EventDate "2025.02.15"]
[EventType "swiss"]
[EventCountry "TUN"]
[TimeControl "180+3"]

1. e4 c5 2. Nf3 Nc6 3. Bb5 g6 4. Bxc6 dxc6 5. d3 Bg7 6. O-O Nf6 7. h3 Nd7 8. Nc3 e5 9. Be3 b6 10. Qd2 h6 11. Nh2 Nf8 12. f4 exf4 13. Bxf4 Ne6 14. Be3 Nd4 15. Rae1 Be6 16. b3 Qd7 17. Ne2 g5 18. Nxd4 cxd4 19. Bf2 O-O-O 20. Bg3 h5 21. Qxg5 Rdg8 22. Qf4 Kb7 23. Kh1 Bh6 24. Qd6 Qc8 25. Bf4 Bf8 26. Qxd4 Bc5 27. Qe5 Re8 28. Qc3 a5 29. Qd2 Rhg8 30. d4 Rd8 31. c3 f5 32. Qc1 Bf8 33. exf5 Bd5 34. Nf3 Qxf5 35. c4 Rxg2 36. Kxg2 Ba3 37. Qe3 Rg8+ 38. Kh2 Be6 39. Ng5 Rxg5 40. Bxg5 Bd6+ 41. Bf4 1-0

[Event "Djerba Festival Blitz 2025"]
[Site "Djerba"]
[Date "2025.02.21"]
[Round "3.3"]
[White "Maisuradze, Nino"]
[Black "Dardha, Daniel"]
[Result "0-1"]
[ECO "E46"]
[WhiteElo "2174"]
[BlackElo "2652"]
[PlyCount "76"]
[EventDate "2025.02.15"]
[EventType "swiss"]
[EventCountry "TUN"]
[TimeControl "180+3"]

1. d4 Nf6 2. c4 e6 3. Nc3 Bb4 4. e3 O-O 5. Nge2 Re8 6. a3 Bf8 7. Ng3 d5 8. Bd3 a6 9. cxd5 exd5 10. O-O Be6 11. b4 Nc6 12. Rb1 g6 13. f4 Bg7 14. f5 Bd7 15. Qf3 Ne7 16. e4 dxe4 17. Ncxe4 Nxe4 18. Bxe4 Nxf5 19. Bxf5 Bxf5 20. Nxf5 gxf5 21. Qxf5 Qxd4+ 22. Kh1 Qf6 23. Qd3 Rad8 24. Qc4 b5 25. Bb2 bxc4 26. Bxf6 Bxf6 27. Rxf6 c3 28. Rc6 Re3 29. Rc1 Rd2 30. h3 Ree2 31. Rxc7 c2 32. Kh2 Rxg2+ 33. Kh1 Rge2 34. Rc8+ Kg7 35. Rg1+ Kf6 36. Rf1+ Ke7 37. Rc7+ Kd6 38. Rcxf7 Rh2+ 0-1

[Event "Djerba Festival Blitz 2025"]
[Site "Djerba"]
[Date "2025.02.21"]
[Round "3.4"]
[White "Edouard, Romain"]
[Black "Pichon, Ewen"]
[Result "1/2-1/2"]
[ECO "A07"]
[WhiteElo "2544"]
[BlackElo "2351"]
[PlyCount "138"]
[EventDate "2025.02.15"]
[EventType "swiss"]
[EventCountry "TUN"]
[TimeControl "180+3"]

1. Nf3 d5 2. g3 Nf6 3. Bg2 e6 4. O-O Bd6 5. d4 h6 6. c4 O-O 7. Nc3 Nc6 8. b3 dxc4 9. bxc4 e5 10. d5 Na5 11. Qd3 Re8 12. Nd2 b6 13. Nb3 Nb7 14. e4 a5 15. a4 Nd7 16. f4 Nbc5 17. Nxc5 Nxc5 18. Qc2 Qe7 19. f5 Qf6 20. Be3 Bd7 21. h4 Na6 22. Qf2 Bc5 23. Bxc5 Nxc5 24. g4 Nd3 25. Qg3 Nf4 26. g5 Qd6 27. Kh2 hxg5 28. hxg5 Kf8 29. Rfe1 Ke7 30. Rac1 Rh8+ 31. Kg1 Qc5+ 32. Qe3 Nd3 33. Qxc5+ bxc5 34. Bf3 Nxe1 35. Rxe1 Kd6 36. Kg2 Rab8 37. Nb5+ Bxb5 38. cxb5 Rh4 39. Kg3 Rbh8 40. Bg2 Rf4 41. Rb1 Rhh4 42. Bf3 c4 43. b6 cxb6 44. Rxb6+ Kc5 45. Rc6+ Kd4 46. d6 Rh8 47. d7 Rd8 48. Rd6+ Kc5 49. Rd5+ Kc6 50. Rxe5 Rxf3+ 51. Kxf3 Rxd7 52. Re8 Kc5 53. e5 Kd5 54. Ke3 c3 55. Kd3 Rc7 56. Kc2 Ke4 57. f6 gxf6 58. gxf6 Kf5 59. Re7 Rc8 60. Rxf7 Kxe5 61. Ra7 Kxf6 62. Rxa5 Ke6 63. Rb5 Kd6 64. Rb3 Rc4 65. a5 Ra4 66. Kxc3 Rxa5 67. Rb4 Rc5+ 68. Rc4 Rxc4+ 69. Kxc4 Ke5 1/2-1/2

[Event "Djerba Festival Blitz 2025"]
[Site "Djerba"]
[Date "2025.02.21"]
[Round "3.5"]
[White "Boulrens, Ala Eddine"]
[Black "Kobalia, Mikhail"]
[Result "0-1"]
[ECO "B22"]
[WhiteElo "2121"]
[BlackElo "2538"]
[PlyCount "42"]
[EventDate "2025.02.15"]
[EventType "swiss"]
[EventCountry "TUN"]
[TimeControl "180+3"]

1. e4 c5 2. c3 Nf6 3. e5 Nd5 4. d4 cxd4 5. Nf3 e6 6. cxd4 d6 7. Bc4 Nb6 8. Bb5+ Bd7 9. Bxd7+ Qxd7 10. O-O Nc6 11. Nc3 Be7 12. Qe2 O-O 13. Rd1 Rfd8 14. Bf4 d5 15. Rac1 Rac8 16. h4 Na5 17. Qd3 Na4 18. b3 Nb2 19. Qb5 Nxd1 20. Qxa5 Nxc3 21. Rxc3 b6 0-1

[Event "Djerba Festival Blitz 2025"]
[Site "Djerba"]
[Date "2025.02.21"]
[Round "3.6"]
[White "Maurizzi, Marc`Andria"]
[Black "Papaux, Steve"]
[Result "1-0"]
[ECO "C48"]
[WhiteElo "2581"]
[BlackElo "2204"]
[PlyCount "113"]
[EventDate "2025.02.15"]
[EventType "swiss"]
[EventCountry "TUN"]
[TimeControl "180+3"]

1. e4 e5 2. Nf3 Nc6 3. Nc3 Nf6 4. Bb5 Nd4 5. O-O c6 6. Bc4 Nxf3+ 7. Qxf3 Be7 8. a4 O-O 9. d3 d6 10. h3 Be6 11. Qe2 d5 12. Ba2 d4 13. Bxe6 fxe6 14. Nb1 Nd7 15. Nd2 Bg5 16. Nc4 Bxc1 17. Raxc1 b5 18. Nd2 Qg5 19. Nf3 Qh6 20. c3 c5 21. axb5 Rf4 22. Nh2 Raf8 23. Ra1 Ra8 24. Ra6 Nb8 25. Ra4 Rf7 26. b6 Qf6 27. Ng4 Qg5 28. h4 Qxh4 29. Nxe5 Rb7 30. cxd4 cxd4 31. Qf3 Qf6 32. Qxf6 gxf6 33. Nc4 Nd7 34. bxa7 Rbxa7 35. Rxa7 Rxa7 36. b4 Rb7 37. Rb1 Nc5 38. Nd6 Rb6 39. Nc8 Rb7 40. b5 Nxd3 41. b6 Nc5 42. Nd6 Rd7 43. b7 Nxb7 44. Nxb7 d3 45. Nc5 Rd4 46. Rd1 Rc4 47. Nxe6 Rxe4 48. Nc5 Re7 49. Nxd3 Kg7 50. g3 Ra7 51. Kg2 Ra3 52. Nf4 f5 53. Rd6 Ra4 54. Nh5+ Kg8 55. Rf6 Ra5 56. Kh3 f4 57. Nxf4 1-0

[Event "Djerba Festival Blitz 2025"]
[Site "Djerba"]
[Date "2025.02.21"]
[Round "3.7"]
[White "Kakavand, Ramtin"]
[Black "Oro, Faustino"]
[Result "0-1"]
[ECO "B51"]
[WhiteElo "2106"]
[BlackElo "2447"]
[PlyCount "164"]
[EventDate "2025.02.15"]
[EventType "swiss"]
[EventCountry "TUN"]
[TimeControl "180+3"]

1. e4 c5 2. Nf3 d6 3. Bb5+ Nd7 4. a4 Ngf6 5. Nc3 e6 6. d4 cxd4 7. Qxd4 Be7 8. O-O O-O 9. Re1 Qc7 10. h3 Ne5 11. Be2 Nc6 12. Qd1 a6 13. Be3 b6 14. Nd2 Na5 15. Bd3 Bb7 16. Qe2 Nd7 17. Nb3 Nc6 18. Rad1 Nc5 19. Nd4 Bf6 20. Nxc6 Bxc6 21. Bxc5 bxc5 22. Qd2 d5 23. exd5 exd5 24. b3 g6 25. Ne2 c4 26. bxc4 dxc4 27. Bxc4 Bxa4 28. Bb3 Bxb3 29. cxb3 Be5 30. Rc1 Qb7 31. Nc3 Rad8 32. Qc2 Bd4 33. Rcd1 Qc6 34. Rd3 Bb6 35. Red1 Rxd3 36. Rxd3 Re8 37. Qd1 Qe6 38. Nd5 Qe1+ 39. Qxe1 Rxe1+ 40. Kh2 Bxf2 41. Nf6+ Kg7 42. Ng4 Bc5 43. Rd5 Bb6 44. Kg3 h5 45. Nh2 Bc7+ 46. Kf2 Rb1 47. Nf3 Rxb3 48. Rd7 Bf4 49. g3 Rb2+ 50. Kf1 Bxg3 51. Ng5 Rf2+ 52. Kg1 Rf5 53. Ne4 Bb8 54. Rb7 Be5 55. Kg2 a5 56. Ra7 Bd4 57. Rd7 Bc5 58. Rc7 Bb4 59. Ra7 Re5 60. Kf3 g5 61. Ng3 Kg6 62. Ra6+ f6 63. Ne4 Rf5+ 64. Ke2 Rf4 65. Ke3 Be1 66. Nd6 Bf2+ 67. Ke2 Bc5 68. Nb7 Bb4 69. Nxa5 Bxa5 70. Rxa5 g4 71. hxg4 hxg4 72. Ke3 Rf3+ 73. Ke2 f5 74. Ra8 Rb3 75. Kf2 Kg5 76. Ra4 Rb2+ 77. Kg1 g3 78. Rc4 f4 79. Rc8 Kg4 80. Rc3 Rb1+ 81. Kg2 f3+ 82. Rxf3 Rb2+ 0-1

[Event "Djerba Festival Blitz 2025"]
[Site "Djerba"]
[Date "2025.02.21"]
[Round "3.8"]
[White "Thorfinnsson, Bjorn"]
[Black "Nassr, Lina"]
[Result "1-0"]
[ECO "D03"]
[WhiteElo "2377"]
[BlackElo "1934"]
[PlyCount "99"]
[EventDate "2025.02.15"]
[EventType "swiss"]
[EventCountry "TUN"]
[TimeControl "180+3"]

1. d4 d5 2. Nf3 Nf6 3. Bg5 e6 4. e3 Be7 5. Bd3 Nbd7 6. Nbd2 O-O 7. c3 c5 8. Qc2 h6 9. h4 Qc7 10. g4 cxd4 11. exd4 e5 12. dxe5 Nxe5 13. Bxf6 Bxf6 14. g5 Nxd3+ 15. Qxd3 Re8+ 16. Kd1 Be7 17. gxh6 g6 18. Rg1 Kh7 19. Nd4 Bf6 20. h5 Rg8 21. hxg6+ fxg6 22. N2f3 Qf4 23. Kc2 Bf5 24. Nxf5 Qxf5 25. Rad1 Qxd3+ 26. Rxd3 Rad8 27. Rgd1 Kxh6 28. Rxd5 Rxd5 29. Rxd5 Rf8 30. Nd2 Bg5 31. Ne4 Bf4 32. Rd7 Re8 33. f3 Rb8 34. Nc5 b6 35. Ne6 Be5 36. Rxa7 Re8 37. Nd4 Rf8 38. Rb7 Rf6 39. Kd3 g5 40. Ke4 Bf4 41. Nf5+ Kg6 42. Rg7+ Kh5 43. Rh7+ Kg6 44. Rh6+ Kf7 45. Rxf6+ Kxf6 46. Ne3 Ke6 47. Nd5 Bc1 48. b3 Bb2 49. c4 Be5 50. Nxb6 {[%emt 0:00:11] Kd5+} 1-0

[Event "Djerba Festival Blitz 2025"]
[Site "Djerba"]
[Date "2025.02.21"]
[Round "3.9"]
[White "Achour, Mohamed Anis"]
[Black "Stopa, Jacek"]
[Result "0-1"]
[ECO "B13"]
[WhiteElo "2066"]
[BlackElo "2310"]
[PlyCount "86"]
[EventDate "2025.02.15"]
[EventType "swiss"]
[EventCountry "TUN"]
[TimeControl "180+3"]

1. d4 d5 2. Bf4 c5 3. e3 Nc6 4. Nf3 cxd4 5. exd4 Bg4 6. c3 e6 7. Nbd2 Bd6 8. Bg3 Nge7 9. Bd3 Bf5 10. Bxf5 Nxf5 11. Bxd6 Qxd6 12. O-O O-O 13. Re1 b5 14. Nb3 b4 15. Nc5 bxc3 16. bxc3 Rab8 17. Qa4 Rb6 18. Rab1 Nfe7 19. Rxb6 axb6 20. Nd3 h6 21. Rb1 Na5 22. Qb5 Rc8 23. Qb4 Qxb4 24. cxb4 Nc4 25. a4 Ra8 26. Ra1 Nc6 27. b5 Na7 28. Rb1 Nc8 29. Rb4 N8d6 30. Nfe5 f6 31. Nc6 Kf7 32. f3 g5 33. Kf2 Nf5 34. Nc1 Nfe3 35. Nb3 Nc2 36. Rxc4 dxc4 37. Nd2 Rxa4 38. Ne4 Ra2 39. Kg3 Ne3 40. Nd6+ Kg7 41. Nc8 Rxg2+ 42. Kh3 Rb2 43. N6a7 Nf1 0-1

[Event "Djerba Festival Blitz 2025"]
[Site "Djerba"]
[Date "2025.02.21"]
[Round "3.10"]
[White "Njili, Kamel"]
[Black "Kaabi, Iheb"]
[Result "1-0"]
[ECO "D20"]
[WhiteElo "2406"]
[BlackElo "1810"]
[PlyCount "69"]
[EventDate "2025.02.15"]
[EventType "swiss"]
[EventCountry "TUN"]
[TimeControl "180+3"]

1. d4 d5 2. c4 dxc4 3. Nc3 e5 4. d5 a6 5. a4 Nf6 6. e4 Bb4 7. f3 O-O 8. Bxc4 Nbd7 9. Be3 Nh5 10. Nge2 Qh4+ 11. Kd2 Qf6 12. Kc2 Nb6 13. Bb3 Bd7 14. g4 Nf4 15. Nxf4 exf4 16. Bd4 Qg6 17. h4 Bxc3 18. Bxc3 h6 19. h5 Qd6 20. Qd4 f6 21. Bb4 Qe5 22. Qxe5 fxe5 23. a5 Nc8 24. Bxf8 Kxf8 25. Rhc1 Nd6 26. Kd2 Nb5 27. Ba4 Rc8 28. Bxb5 Bxb5 29. Rc5 Ke7 30. Rac1 Kd6 31. Ke1 Ba4 32. Kf2 Bb5 33. Kg2 Ba4 34. R1c3 Bb5 35. Kh3 1-0

[Event "Djerba Festival Blitz 2025"]
[Site "Djerba"]
[Date "2025.02.21"]
[Round "3.11"]
[White "Amrane, Abdellah"]
[Black "Willems, Niels"]
[Result "0-1"]
[ECO "B13"]
[WhiteElo "2021"]
[BlackElo "2414"]
[PlyCount "95"]
[EventDate "2025.02.15"]
[EventType "swiss"]
[EventCountry "TUN"]
[TimeControl "180+3"]

1. e4 c6 2. d4 d5 3. exd5 cxd5 4. Bd3 Nf6 5. c3 Bg4 6. Nf3 Nc6 7. Bf4 e6 8. Nbd2 Bd6 9. Bxd6 Qxd6 10. O-O O-O 11. Qe1 Bh5 12. Ne5 Bg6 13. f4 Qc7 14. Rf3 Bxd3 15. Rxd3 Nd7 16. Rg3 f6 17. Ng4 Rae8 18. Qf2 e5 19. f5 exd4 20. cxd4 Qb6 21. Nf3 Re4 22. Rd1 Rfe8 23. Nh6+ Kf8 24. Ng4 h5 25. Ne3 Rxe3 26. Ne5 R3xe5 27. dxe5 Qxf2+ 28. Kxf2 Rxe5 29. Rf3 d4 30. a3 a5 31. h3 Nc5 32. g4 hxg4 33. hxg4 a4 34. g5 fxg5 35. f6 Ne4+ 36. Kg2 gxf6 37. b3 axb3 38. Rxb3 b5 39. Rc1 Nc3 40. Rf1 Ke7 41. Rb2 Re2+ 42. Rxe2+ Nxe2 43. Kf3 Nc3 44. Rh1 Ne5+ 45. Kf2 Nc4 46. Ke1 d3 47. Rh8 d2+ 48. Kf2 0-1

[Event "Djerba Festival Blitz 2025"]
[Site "Djerba"]
[Date "2025.02.21"]
[Round "3.12"]
[White "Skhiri Youssef"]
[Black "Viers, Emmanuel"]
[Result "0-1"]
[ECO "A53"]
[WhiteElo "1808"]
[BlackElo "2072"]
[PlyCount "92"]
[EventDate "2025.02.15"]
[EventType "swiss"]
[EventCountry "TUN"]
[TimeControl "180+3"]

1. c4 Nf6 2. Nc3 c6 3. e4 d6 4. d4 Nbd7 5. Nge2 e5 6. d5 g6 7. Ng3 Bg7 8. Be2 a5 9. h4 h5 10. Bg5 Qc7 11. Qd2 Nc5 12. Rd1 cxd5 13. Bxf6 Bxf6 14. Nxd5 Qd8 15. Nxf6+ Qxf6 16. Qxd6 Qxd6 17. Rxd6 Be6 18. O-O Ke7 19. Rfd1 Rhc8 20. b3 Rc7 21. Bf3 Rac8 22. Ne2 a4 23. b4 Na6 24. Rb6 Bxc4 25. Nc3 Kf8 26. Nd5 Bxd5 27. exd5 Rc4 28. d6 Rxb4 29. Rxb4 Nxb4 30. Bxb7 Rd8 31. a3 Nc2 32. Rc1 Nxa3 33. Rd1 Nc4 34. d7 Ke7 35. Bc6 a3 36. Bb5 Nd6 37. Ba4 Ra8 38. Bb3 a2 39. Ra1 Kxd7 40. Rxa2 Rb8 41. Rb2 Ke7 42. Kh2 Ne4 43. Rb1 Nd2 44. Rc1 Nxb3 45. Rc7+ Kf6 46. Rc6+ Kg7 0-1

[Event "Djerba Festival Blitz 2025"]
[Site "Djerba"]
[Date "2025.02.21"]
[Round "3.14"]
[White "Minde, Baptiste"]
[Black "Filali, Razzouki Marouane"]
[Result "0-1"]
[ECO "D02"]
[WhiteElo "1896"]
[BlackElo "2234"]
[PlyCount "50"]
[EventDate "2025.02.15"]
[EventType "swiss"]
[EventCountry "TUN"]
[TimeControl "180+3"]

1. d4 Nf6 2. Bf4 e6 3. e3 d5 4. Nf3 c5 5. Nbd2 Nc6 6. c3 Bd6 7. Bg3 Ne4 8. Bd3 f5 9. Ne5 Nxe5 10. Bxe5 Bxe5 11. dxe5 O-O 12. O-O b6 13. Nxe4 fxe4 14. Bc2 Bb7 15. Qg4 Qe7 16. Rad1 g6 17. c4 Rae8 18. Bb3 Rd8 19. h4 Rf5 20. Qg3 Qc7 21. f3 Qxe5 22. f4 Qxb2 23. Rf2 Qc3 24. Rfd2 d4 25. exd4 Qxg3 0-1

[Event "Djerba Festival Blitz 2025"]
[Site "Djerba"]
[Date "2025.02.21"]
[Round "3.16"]
[White "Zerarga, Imene"]
[Black "Rene, Benoit"]
[Result "1-0"]
[ECO "B98"]
[WhiteElo "1831"]
[BlackElo "2108"]
[PlyCount "64"]
[EventDate "2025.02.15"]
[EventType "swiss"]
[EventCountry "TUN"]
[TimeControl "180+3"]

1. e4 c5 2. Nf3 d6 3. d4 cxd4 4. Nxd4 Nf6 5. Nc3 a6 6. Bg5 e6 7. f4 Be7 8. Qf3 h6 9. Bh4 Qc7 10. Bf2 Nbd7 11. O-O-O g5 12. g3 b5 13. e5 Bb7 14. Qe2 dxe5 15. fxe5 Bxh1 16. exf6 Nxf6 17. Bh3 g4 18. Bxg4 Nxg4 19. Qxg4 Bb7 20. Qg7 O-O-O 21. Qg4 Bc5 22. Bg1 Rd7 23. Nb3 Rxd1+ {[%emt 0:00:32] Qf4 Rd2 Qxd2 Re8} 24. Qxd1 Rd8 25. Qe1 Bxg1 26. Qxg1 b4 27. Na4 Be4 28. Qf2 f5 29. Nac5 Qd6 30. Qe2 Bb7 31. Nxb7 Kxb7 32. Nd2 Qc5 1-0

[Event "Djerba Festival Blitz 2025"]
[Site "Djerba"]
[Date "2025.02.21"]
[Round "3.17"]
[White "Minde, Timothe"]
[Black "Rekik Ismail"]
[Result "0-1"]
[ECO "B07"]
[WhiteElo "1879"]
[BlackElo "2006"]
[PlyCount "66"]
[EventDate "2025.02.15"]
[EventType "swiss"]
[EventCountry "TUN"]
[TimeControl "180+3"]

1. e4 d6 2. d4 Nf6 3. Nc3 g6 4. f3 Bg7 5. Be3 c6 6. Qd2 b5 7. Bh6 Bxh6 8. Qxh6 b4 9. Nce2 Nbd7 10. Ng3 Qa5 11. Qd2 Ba6 12. Bxa6 Qxa6 13. N1e2 h5 14. h4 Qb5 15. O-O O-O 16. c3 a5 17. Rae1 Kh7 18. Nf4 e5 19. dxe5 dxe5 20. Nfxh5 gxh5 21. Qg5 Rg8 22. Qf5+ Rg6 23. Nxh5 Qc5+ 24. Kh1 Nxh5 25. Qxh5+ Kg7 26. Qf5 Nf6 27. cxb4 axb4 28. g4 Rxa2 29. h5 Rxb2 30. Rc1 Qe3 31. Rb1 Re2 32. hxg6 Qh6+ 33. Qh5 Nxh5 0-1

[Event "Djerba Festival Blitz 2025"]
[Site "Djerba"]
[Date "2025.02.21"]
[Round "3.19"]
[White "Badrakova, Kseniya"]
[Black "Messala, Noureddine"]
[Result "1/2-1/2"]
[ECO "B23"]
[WhiteElo "1757"]
[BlackElo "2069"]
[PlyCount "125"]
[EventDate "2025.02.15"]
[EventType "swiss"]
[EventCountry "TUN"]
[TimeControl "180+3"]

1. e4 c5 2. Nc3 Nc6 3. Bb5 g6 4. Bxc6 dxc6 5. d3 Bg7 6. Be3 b6 7. Nge2 e5 8. O-O g5 9. Qd2 h6 10. Ng3 Ne7 11. Nh5 O-O 12. Nxg7 Kxg7 13. h4 f6 14. g3 Bh3 15. Rfe1 Bg4 16. Kg2 Ng6 17. f3 Be6 18. Rh1 Qd7 19. h5 Ne7 20. g4 Rfd8 21. Qe2 Nc8 22. Rhd1 Nd6 23. Na4 Nf7 24. Nc3 Rf8 25. Rd2 Nd8 26. Rdd1 Bf7 27. Rd2 Ne6 28. Rdd1 Nd4 29. Bxd4 cxd4 30. Nb1 c5 31. Nd2 b5 32. b3 Rfc8 33. Rab1 a5 34. Qf2 Be6 35. Qe2 Qf7 36. Rdc1 c4 37. dxc4 bxc4 38. bxc4 Bxc4 39. Nxc4 Rxc4 40. Qd3 Rac8 41. Rb2 Qe7 42. Kh3 Qc7 43. Rcb1 Kg8 44. Rb7 Qd6 45. R7b5 Rxc2 46. Rxa5 R2c7 47. Rd5 Qc6 48. Rdb5 Qc2 49. Qxc2 Rxc2 50. R1b2 R2c3 51. Rb8 d3 52. Rxc8+ Rxc8 53. Rd2 Rd8 54. Kg2 Kf7 55. Kf2 Ke6 56. Ke3 Ra8 57. Kxd3 Ra3+ 58. Ke2 Ke7 59. Rc2 Kd7 60. Rd2+ Ke6 61. Rc2 Kd7 62. Rd2+ Ke6 63. Rc2 {[%emt 0:00:00] Kd5} 1/2-1/2

[Event "Djerba Festival Blitz 2025"]
[Site "Djerba"]
[Date "2025.02.21"]
[Round "3.21"]
[White "Baba, Ayoub"]
[Black "Ajbara Jamal"]
[Result "0-1"]
[ECO "B23"]
[WhiteElo "1469"]
[BlackElo "1898"]
[PlyCount "54"]
[EventDate "2025.02.15"]
[EventType "swiss"]
[EventCountry "TUN"]
[TimeControl "180+3"]

1. e4 c5 2. Nc3 e6 3. d3 d5 4. exd5 exd5 5. Be2 Nf6 6. Bf4 Nc6 7. Qd2 Nd4 8. Nf3 Ne6 9. Bg3 Be7 10. O-O-O Qa5 11. Kb1 b5 12. Ne5 Bb7 13. Bf3 Nd4 14. Rhe1 O-O 15. Nd7 Rfe8 16. Nxc5 Bxc5 17. Rxe8+ Rxe8 18. Qg5 Ne6 19. Qf5 b4 20. Nxd5 Nxd5 21. Bxd5 Bxd5 22. Qxd5 b3 23. Qxb3 Nd4 24. Qd5 Re1 25. Qa8+ Bf8 26. Rc1 Qd2 27. a3 Rxc1+ 0-1

[Event "Djerba Festival Blitz 2025"]
[Site "Djerba"]
[Date "2025.02.21"]
[Round "3.22"]
[White "Doucet, Pierre-Alois"]
[Black "Benzarti, Thabet"]
[Result "0-1"]
[ECO "B13"]
[WhiteElo "2027"]
[BlackElo "1664"]
[PlyCount "101"]
[EventDate "2025.02.15"]
[EventType "swiss"]
[EventCountry "TUN"]
[TimeControl "180+3"]

1. e4 c6 2. d4 d5 3. exd5 cxd5 4. Bd3 Nc6 5. c3 Nf6 6. Bf4 Bg4 7. Qb3 Qd7 8. Nd2 e6 9. Ngf3 Bd6 10. Bxd6 Qxd6 11. O-O O-O 12. h3 Bh5 13. Rae1 Qc7 14. Ne5 Nxe5 15. dxe5 Nd7 16. Qc2 Bg6 17. Bxg6 hxg6 18. Nf3 Rac8 19. Qd2 Nc5 20. Nd4 Ne4 21. Qf4 g5 22. Qe3 Qe7 23. f3 Ng3 24. Rf2 Nh5 25. Kh2 a6 26. Ne2 g6 27. g4 Ng7 28. Nd4 Ne8 29. f4 gxf4 30. Rxf4 Qh4 31. Nf3 Qh6 32. g5 Qh7 33. Rh4 Qg7 34. Rf1 Nc7 35. Nd4 Rfe8 36. Rf6 Re7 37. Qf3 Ne8 38. Rhf4 Rcc7 39. h4 Red7 40. Nxe6 fxe6 41. Rf8+ Kh7 42. Rxe8 Re7 43. Rxe7 Qxe7 44. Rf6 Qg7 45. h5 gxh5 46. Qxh5+ Kg8 47. Rg6 Kf8 48. Rxg7 Kxg7 49. Qh6+ Kf7 50. Qf6+ Ke8 51. Qxe6+ 0-1

[Event "Djerba Festival Blitz 2025"]
[Site "Djerba"]
[Date "2025.02.21"]
[Round "3.23"]
[White "Alouani, Ahmed"]
[Black "MEZGOURI NOUREDDINE"]
[Result "0-1"]
[ECO "D02"]
[WhiteElo "1617"]
[BlackElo "1891"]
[PlyCount "110"]
[EventDate "2025.02.15"]
[EventType "swiss"]
[EventCountry "TUN"]
[TimeControl "180+3"]

1. Nf3 d5 2. d4 Nf6 3. Bf4 c6 4. c3 Bf5 5. e3 e6 6. Nbd2 Bd6 7. Bxd6 Qxd6 8. Ne5 Nbd7 9. Ndf3 Ng4 10. Nxd7 Qxd7 11. h3 Nf6 12. Ne5 Qc7 13. Bd3 Ne4 14. Bxe4 Bxe4 15. a4 f6 16. Nf3 O-O 17. O-O e5 18. Nd2 Bd3 19. Re1 e4 20. Rc1 f5 21. c4 Qf7 22. g3 Kh8 23. cxd5 cxd5 24. Nb3 b6 25. Rc3 g5 26. Rxd3 exd3 27. Qxd3 f4 28. exf4 gxf4 29. Qe2 fxg3 30. Qe5+ Qg7 31. Qxg7+ Kxg7 32. fxg3 Rf3 33. Nd2 Rxg3+ 34. Kh2 Rd3 35. Rg1+ Kf6 36. Rg2 Rxd4 37. Nf3 Rxa4 38. Rf2 Ke7 39. Re2+ Kd6 40. Ng5 h5 41. Re6+ Kc5 42. Rh6 Re8 43. Rxh5 Re2+ 44. Kg3 Rxb2 45. Ne6+ Kd6 46. Nf4 Rb3+ 47. Kg4 Rbb4 48. Rf5 Rxf4+ 49. Rxf4 Rxf4+ 50. Kxf4 Ke7 51. Ke5 Kf7 52. Kxd5 Kg6 53. Kc6 Kh5 54. Kb5 Kh4 55. Ka6 Kxh3 0-1

[Event "Djerba Festival Blitz 2025"]
[Site "Djerba"]
[Date "2025.02.21"]
[Round "3.26"]
[White "Zouaghi, Ahmed"]
[Black "Soudani, Hassan"]
[Result "1-0"]
[ECO "C20"]
[WhiteElo "1919"]
[BlackElo "1598"]
[PlyCount "44"]
[EventDate "2025.02.15"]
[EventType "swiss"]
[EventCountry "TUN"]
[TimeControl "180+3"]

1. e4 e5 2. d3 Nc6 3. f3 Bc5 4. Ne2 Nf6 5. Ng3 d5 6. Be2 O-O 7. c3 h6 8. d4 exd4 9. cxd4 Nxd4 10. Nf5 Nxf5 11. exf5 Bxf5 12. Nc3 Re8 13. a3 a6 14. b4 Ba7 15. Bf4 d4 16. Ne4 Nxe4 17. fxe4 Rxe4 18. Qb3 d3 19. Rd1 Rxe2+ 20. Kf1 Rf2+ 21. Ke1 Qe7+ 22. Be3 Qxe3# {[%emt 0:01:13] Ra1 Qe6+ Qd1} 1-0

[Event "Djerba Festival Blitz 2025"]
[Site "Djerba"]
[Date "2025.02.21"]
[Round "3.27"]
[White "Mallah, Abderrahmane"]
[Black "Zenaidi, Sadok"]
[Result "0-1"]
[ECO "B15"]
[WhiteElo "1556"]
[BlackElo "1872"]
[PlyCount "62"]
[EventDate "2025.02.15"]
[EventType "swiss"]
[EventCountry "TUN"]
[TimeControl "180+3"]

1. e4 c6 2. d4 d5 3. Nc3 dxe4 4. Nxe4 Nf6 5. Nxf6+ exf6 6. c3 Bd6 7. Bd3 O-O 8. Qc2 Re8+ 9. Ne2 h5 10. O-O Qc7 11. h3 Be6 12. Be3 Nd7 13. Rfe1 b5 14. a3 Nb6 15. Rad1 a5 16. Be4 a4 17. Qd2 Bb3 18. Bc2 Nc4 19. Qc1 Bxc2 20. Qxc2 Nxe3 21. fxe3 Rxe3 22. d5 Bc5 23. Kh1 Rae8 24. dxc6 Qxc6 25. Kh2 Bd6+ 26. Kg1 Bg3 27. Qd2 Bxe1 28. Rxe1 Qe6 29. Kf2 Qf5+ 30. Kg1 g6 31. Kh1 Qf2 0-1

[Event "Djerba Festival Blitz 2025"]
[Site "Djerba"]
[Date "2025.02.21"]
[Round "3.29"]
[White "Chartier, Romain"]
[Black "Bensadi, Lotfi"]
[Result "0-1"]
[ECO "D02"]
[WhiteElo "1581"]
[BlackElo "1971"]
[PlyCount "96"]
[EventDate "2025.02.15"]
[EventType "swiss"]
[EventCountry "TUN"]
[TimeControl "180+3"]

1. d4 Nf6 2. Bf4 d5 3. e3 c5 4. c3 Nc6 5. Bd3 Qb6 6. Qc1 e6 7. Nf3 Be7 8. h3 a6 9. O-O h6 10. Nbd2 O-O 11. Ne5 Nxe5 12. Bxe5 Nd7 13. Bg3 Bd6 14. Bxd6 Qxd6 15. Nf3 e5 16. dxe5 Nxe5 17. Nxe5 Qxe5 18. Re1 f5 19. Qc2 Be6 20. Rad1 Rad8 21. b3 Kh8 22. c4 dxc4 23. Bxc4 Bxc4 24. Qxc4 b5 25. Qc2 g6 26. Rd2 Qe7 27. Red1 Rxd2 28. Rxd2 Rc8 29. Rd5 c4 30. bxc4 Rxc4 31. Qd2 Rc7 32. Rd8+ Kh7 33. Qd6 Qxd6 34. Rxd6 Ra7 35. Kf1 b4 36. Ke2 Kg7 37. Kd3 a5 38. Kc4 Rc7+ 39. Kd3 Rc3+ 40. Kd2 Ra3 41. Rc6 Rxa2+ 42. Rc2 Rxc2+ 43. Kxc2 Kf6 44. Kb3 Ke5 45. Ka4 Ke4 46. Kxa5 b3 47. g4 b2 48. gxf5 gxf5 0-1

[Event "Djerba Festival Blitz 2025"]
[Site "Djerba"]
[Date "2025.02.21"]
[Round "3.30"]
[White "Charfeddine, Khaled"]
[Black "Chavallard, Yanis"]
[Result "0-1"]
[ECO "E61"]
[WhiteElo "1908"]
[BlackElo "1605"]
[PlyCount "93"]
[EventDate "2025.02.15"]
[EventType "swiss"]
[EventCountry "TUN"]
[TimeControl "180+3"]

1. d4 g6 2. c4 d6 3. Nc3 Bg7 4. Bf4 Nf6 5. Qd2 O-O 6. Bh6 Nbd7 7. Bxg7 Kxg7 8. Nf3 e5 9. e3 exd4 10. Nxd4 Nb6 11. Be2 d5 12. c5 Nbd7 13. c6 Nc5 14. cxb7 Bxb7 15. O-O Nce4 16. Qc2 c5 17. Nf3 Qc7 18. Nxe4 dxe4 19. Nd2 Rad8 20. Nc4 Rd7 21. Rad1 Rfd8 22. Rxd7 Rxd7 23. Rd1 Rxd1+ 24. Qxd1 Nd7 25. Qd6 Qxd6 26. Nxd6 Bc6 27. Bb5 Bxb5 28. Nxb5 a6 29. Nc3 f5 30. Kf1 Ne5 31. Ke2 Nd3 32. b3 Nc1+ 33. Kd2 Nd3 34. f3 exf3 35. Kxd3 fxg2 36. Ne2 h5 37. Ng1 g5 38. Ke2 h4 39. h3 g4 40. hxg4 fxg4 41. Kf2 h3 42. Ne2 Kf6 43. Nc3 Kg5 44. Ne2 Kh4 45. Kg1 g3 46. e4 Kg4 47. a3 0-1

[Event "Djerba Festival Blitz 2025"]
[Site "Djerba"]
[Date "2025.02.21"]
[Round "3.31"]
[White "Ben Mbarek, Mohamed"]
[Black "Azreug, Lazhar"]
[Result "0-1"]
[ECO "A04"]
[WhiteElo "1570"]
[BlackElo "1793"]
[PlyCount "58"]
[EventDate "2025.02.15"]
[EventType "swiss"]
[EventCountry "TUN"]
[TimeControl "180+3"]

1. Nf3 c5 2. g3 Nc6 3. Bg2 g6 4. d3 Bg7 5. e4 d6 6. O-O e5 7. Nbd2 Nge7 8. Nc4 b5 9. Ne3 O-O 10. Bd2 b4 11. c3 a5 12. Qa4 Bd7 13. Qb3 Be6 14. Qa4 h6 15. Rac1 Kh7 16. Nc4 Qc7 17. Qd1 a4 18. cxb4 cxb4 19. Nh4 Rfb8 20. f4 Bxc4 21. Rxc4 exf4 22. Bxf4 g5 23. Bxg5 hxg5 24. Qh5+ Kg8 25. e5 Qa7+ 26. Kh1 Nxe5 27. d4 gxh4 28. dxe5 Ng6 29. Bxa8 Qxa8+ {[%emt 0:00:25] Qf5} 0-1